 Seeded DCSS version 0.27-a0-1219-g958d993ae5 (webtiles) character file.

Game seed: 49 (custom seed)

25 Snicker the Sneak (level 2, 0/22 HPs)
             Began as a Demonspawn Brigand on June 6, 2021.
             Slain by an adder (3 damage)
             ... on level 2 of the Dungeon.
             The game lasted 00:01:36 (1447 turns).

Snicker the Sneak (Demonspawn Brigand)              Turns: 1447, Time: 00:01:37

Health: 0/22       AC:  4    Str: 11    XL:     2   Next: 86%
Magic:  2/2        EV: 11    Int: 12    God:
Gold:   29         SH:  4    Dex: 14    Spells: 1/1 levels left

rFire    . . .     SeeInvis .   a - +2 dagger
rCold    . . .     Faith    .   (no shield)
rNeg     . . .     Spirit   .   b - +0 robe
rPois    .         Reflect  .   (no helmet)
rElec    .         Harm     .   c - +0 cloak
rCorr    .         Rampage  .   f - +0 pair of gloves of the Engineer {Slay+2}
Will     .....                  (no boots)
Stlth    +++.......             (no amulet)
HPRegen  0.07/turn              (no ring)
MPRegen  0.08/turn              (no ring)

@: no status effects
A: large bone plates 1
a: no special abilities


You were on level 2 of the Dungeon.
You visited 1 branch of the dungeon, and saw 2 of its levels.

You collected 29 gold pieces.

Inventory:

Hand Weapons
 a - a +2 dagger (weapon)
Missiles
 d - 8 poisoned darts (quivered)
Armour
 b - a +0 robe (worn)
 c - a +0 cloak (worn)
 f - the +0 pair of gloves of the Engineer (worn) {Slay+2}
   (You acquired it on level 1 of the Dungeon)

   It affects your accuracy and damage with ranged weapons and melee attacks
   (+2).
Scrolls
 g - 2 scrolls of enchant armour {unknown}
 h - 2 scrolls of identify {unknown}
 j - a scroll of teleportation {unknown}
Potions
 i - a potion of brilliance {unknown}
 k - a potion of curing {unknown}


   Skills:
 + Level 2.1 Fighting
 * Level 2.2 Short Blades
 + Level 1.7 Throwing
 + Level 0.9 Dodging
 * Level 4.2 Stealth


You had one spell level left.
You didn't know any spells.
Your spell library was empty.

Dungeon Overview and Level Annotations

Branches:
Dungeon (2/15)

Altars:


Innate Abilities, Weirdness & Mutations

You are partially covered in large bone plates. (SH +4)


Message History

The adder bites the fungus.
The fungus begins to die.
The endoplasm quivers.
You hit the endoplasm but do no damage. The endoplasm freezes you.
You are frozen.
You barely miss the endoplasm. The endoplasm freezes you.
You are frozen.
You hit the endoplasm.
The endoplasm is severely wounded.
A nearby fungus withers and dies.
The endoplasm freezes you.
You are frozen.
You hit the endoplasm.
The endoplasm is almost dead.
The endoplasm freezes you.
You are frozen.
* * * LOW HITPOINT WARNING * * *
You hit the endoplasm.
You kill the endoplasm!
You start resting.
The adder bites you.
* * * LOW HITPOINT WARNING * * *
An adder is nearby!
You see here a +0 robe.
Throw: 2 darts (curare)
Press: ? - help, Q - select action, (/) - cycle Shift-Dir - straight line, f - adder
Aim: an adder (44% to hit)
You throw a curare-tipped dart.
The curare-tipped dart closely misses the adder.
The adder barely misses you.
Throw: dart (curare)
Press: ? - help, Q - select action, (/) - cycle Shift-Dir - straight line, f/p - adder
Aim: an adder (44% to hit)
You throw a curare-tipped dart.
The curare-tipped dart misses the adder.
The adder bites you but does no damage. x2
You block the adder's attack. The adder bites you.
You die...

#.........#
.#........#
P##.......#
.P.#......#
P..#......#
P.P#.##########
....#..(......#
.[P.#########.#######
.P..# #..S@...# ....#
#######.# #####
.$#...#
P..P#...#########
(P.#............#
..P#..........>.#


You could see an adder.

Vanquished Creatures
  A worm (D:2)
  2 ball pythons
  4 bats
  2 endoplasms (D:2)
  A giant cockroach (D:1)
  2 goblins (D:1)
  A hobgoblin (D:1)
  4 kobolds
  2 quokkas (D:1)
  2 rats (D:1)
21 creatures vanquished.

Vanquished Creatures (others)
  4 demonic plants (D:2)
  14 fungi (D:2)
  4 plants (D:2)
  A withered plant (D:2)
23 creatures vanquished.

Grand Total: 44 creatures vanquished

Notes
Turn   | Place    | Note
-------+----------+-------------------------------------------
     0 | D:1      | Snicker the Demonspawn Brigand began the quest for the Orb.
     0 | D:1      | Reached XP level 1. HP: 16/16 MP: 1/1
   545 | D:1      | Gained mutation: You are partially covered in large bone
                  | plates. (SH +4) [demonic ancestry]
   545 | D:1      | Reached XP level 2. HP: 22/22 MP: 2/2
   549 | D:1      | Reached skill level 4 in Stealth
  1126 | D:1      | Identified a scroll of acquirement
  1126 | D:1      | Acquired the +0 pair of gloves of the Engineer {Slay+2}
  1420 | D:2      | Found a faded altar of an unknown god.
  1447 | D:2      | Slain by an adder

Illustrated notes

Levels and vault maps discovered:
D:1:      sevenhm_arrival_forest_fort_small_4, layout_loops_ring
D:2:      layout_basic, shapermc_ecumenical_altar_gd, serial_bayou_pond_e,
          uniq_terence

Skill      XL: |  1  2 |
---------------+-------+-----
Short Blades   | 2 |  2.2
Stealth        | 4 |  4.2
Fighting       | |  2.1
Throwing       | |  1.7
Dodging        | |  0.9

Action                   || total
-------------------------++-------
Melee: Dagger            ||    73
Throw: Dart              ||     2
  Use: Scroll            ||     1
 Stab: Sleeping          ||     6
Armor: Robe              ||    29
Dodge: Dodged            ||    52
Block: Other             ||    15

Table legend: (Time is in decaauts)
 A = Elapsed time spent in this place.
 B = Non-inter-level travel time spent in this place.
 C = Inter-level travel time spent in this place.
 D = Time resting spent in this place.
 E = Time spent auto-exploring this place.
 F = Levels seen in this place.
 G = Mean time per level.
                   A        B        C        D        E       F      G
               +--------+--------+--------+--------+--------+-----+--------+
         Total |   1448 |   1382 |     66 |      4 |   1162 |   2 |  724.0 |
       Dungeon |   1448 |   1382 |     66 |      4 |   1162 |   2 |  724.0 |
               +--------+--------+--------+--------+--------+-----+--------+

Top non-repeatable levels by time:
     D:1: 1207 daAuts
     D:2: 240 daAuts
